 Dungeon Crawl Stone Soup version 0.19-a0-1895-g783e625 (webtiles) character file.

4 Amnesiac the Magician (level 1, -1/9 HPs)
             Began as a Vine Stalker Wizard on Oct 18, 2016.
             Slain by a worm (2 damage)
             ... on level 2 of the Dungeon.
             The game lasted 00:00:57 (287 turns).

Amnesiac the Magician (Vine Stalker Wizard)          Turns: 287, Time: 00:00:57

Health: -1/9       AC:  2    Str:  9    XL:     1   Next: 60%
Magic:  0/5        EV: 12    Int: 18    God:
Gold:   10         SH:  0    Dex: 12    Spells: 1 memorised, 5 levels left

rFire  . . .     SeeInvis .       - Unarmed
rCold  . . .     Gourm    .     a - +0 robe
rNeg   . . .     Faith    .     (no shield)
rPois  .         Spirit   +     b - +0 hat
rElec  .         Reflect  .     (no cloak)
rCorr  .         Harm     .     (no gloves)
MR     .....                    (no boots)
Stlth  ++........               (no amulet)
                                (no ring)
                                (no ring)

@: no status effects
A: fangs 2, magic shield, antimagic bite, no device heal 3, rot immunity
a: no special abilities


You were on level 2 of the Dungeon.
You were not hungry.

You visited 1 branch of the dungeon, and saw 2 of its levels.

You collected 10 gold pieces.

Inventory:

Armour
 a - a +0 robe (worn)
 b - a +0 hat (worn)
Scrolls
 e - 2 scrolls of remove curse {unknown}
 f - 2 scrolls of enchant armour {unknown}
 i - a scroll of recharging {unknown}
 j - 2 scrolls of teleportation {unknown}
Potions
 g - a potion of brilliance {unknown}
 h - a potion of might {unknown}
Books
 c - a book of Minor Magic

   Spells                             Type                      Level
   a - Magic Dart                     Conjuration                  1
   b - Blink                          Translocation                2
   c - Call Imp                       Summoning                    2
   d - Repel Missiles                 Charms/Air                   2
   e - Slow                           Hexes                        2
   f - Conjure Flame                  Conjuration/Fire             3
   g - Mephitic Cloud                 Conjuration/Poison/Air       3
Comestibles
 d - 2 bread rations


   Skills:
 - Level 1.5 Dodging
 - Level 2.4 Stealth
 + Level 1.1 Unarmed Combat
 - Level 3.2 Spellcasting
 - Level 1.0 Conjurations
   Level 1.0 Summonings
   Level 1.0 Translocations


You had 5 spell levels left.
You knew the following spells:

 Your Spells              Type           Power        Failure   Level  Hunger
a - Magic Dart            Conj           #...         12%         1    None


Dungeon Overview and Level Annotations

Branches:
Dungeon (2/15)

Altars:


Innate Abilities, Weirdness & Mutations

You have extremely sharp teeth.
When hurt, damage is shared between your health and your magic reserves.
Your bite disrupts and absorbs the magic of your enemies.
Potions and wands cannot restore your health.
You are immune to rotting.


Message History

The hobgoblin hits you but does no damage.
You closely miss the hobgoblin.
The hobgoblin is moderately wounded.
The hobgoblin hits you but does no damage.
You hit the hobgoblin.
The hobgoblin is heavily wounded.
The hobgoblin closely misses you.
You hit the hobgoblin. You bite the hobgoblin. You drain its power.
You feel invigorated.
You kill the hobgoblin!
Your Unarmed Combat skill increases to level 1!
You hit the worm. You bite the worm. You drain its power.
You feel invigorated.
The worm is moderately wounded.
The worm closely misses you.
You hit the worm but do no damage. You bite the worm. You drain its power.
The worm is moderately wounded.
You hit the worm but do no damage.
The worm is moderately wounded.
The worm bites you!
You die...

.....#..(##
........... #.......
.. #...#.##... # #.
#...........## #.
##...#.###.g...
#.##..#...# .....
###......#####......
.........@w...>.....
.##..#...#####......
#.###.#.#...# .....
#......<###.# ....
#####.### ... ###
#†# ### #+#


You could see a worm.

Vanquished Creatures
  A hobgoblin (D:2)
  A kobold (D:1)
  A bat (D:2)
  A rat (D:2)
4 creatures vanquished.

Notes
Turn   | Place    | Note
-------+----------+-------------------------------------------
     0 | D:1      | Amnesiac the Vine Stalker Wizard began the quest for the Orb.
     0 | D:1      | Reached XP level 1. HP: 9/9 MP: 5/5
   284 | D:2      | Reached skill level 1 in Unarmed Combat
   287 | D:2      | Slain by a worm

Vault maps used:
D:1:      dpeg_arrival_arbitrary_c, minmay_stone_trees_small,
          roderic_roman_lattice
D:2:      tgw_trog, first_bread, grunt_ministairs_13

Skill      XL: |  1 |
---------------+----+-----
Unarmed Combat | 1 |  1.1
Dodging        | |  1.5
Stealth        | |  2.4
Spellcasting   | |  3.2
Conjurations   | |  1.0
Summonings     | |  1.0
Translocations | |  1.0

Action                   || total
-------------------------++-------
Melee: Unarmed           ||    38
       Bite              ||     6
 Stab: Sleeping          ||     1
Armor: Robe              ||    14
Dodge: Dodged            ||    22
